 Dungeon Crawl Stone Soup version 0.31.0-1-g2c135a008e (webtiles) character file.

Game seed: 3336213339131958960

73 qw the Shooter (level 4, -4/35 HPs)
             Began as a Djinni Hunter on Jan 23, 2024.
             Slain by Grinder (8 damage)
             ... on level 3 of the Dungeon.
             The game lasted 00:00:07 (1746 turns).

qw the Shooter (Djinni Hunter)                      Turns: 1746, Time: 00:00:07

Health: -4/35      AC:  6    Str: 10    XL:     4   Next: 51%
Gold:   165        EV: 11    Int: 11    God:
                   SH:  0    Dex: 18

rFire   + + .        a - +0 shortbow
rCold   x . .        (shield currently unavailable)
rNeg    . . .        j - +0 ring mail
rPois   inf          (no helmet)
rElec   .            f - +0 cloak
rCorr   .            (no gloves)
SInv    .            (boots unavailable)
Will    .....        (no amulet)
Stlth   +            (no ring)
HPRegen 0.25/turn    (no ring)
MPRegen 0.00/turn

%: infuse magic (-5 HP)
@: mighty, flying
A: sickness immunity, fire resistance 2, cold vulnerability 1, float, innate
caster, HP casting, extra vitality 1
a: no special abilities


You were on level 3 of the Dungeon.
You visited 1 branch of the dungeon, and saw 3 of its levels.

You collected 165 gold pieces.


Innate Abilities, Weirdness & Mutations

You are immune to sickness and miasma.
You are immune to poison.
Your flesh is very heat resistant. (rF++)
You are vulnerable to cold. (rC-)
You float through the air rather than walking.
You learn spells naturally, not from books.
Your magical power is your life essence.
You have superior vitality. (+4 MHP)


   Skills:
 - Level 3.0 Fighting
 + Level 4.1 Ranged Weapons
 - Level 1.0 Armour
 - Level 2.1 Dodging
 - Level 0.7 Stealth


You knew the following spells:

 Your Spells              Type           Power      Damage    Failure   Level
a - Sting                 Conj/Alch      0%         1d3       65%         1
Your spell library was empty.

Inventory:

Hand Weapons
 a - a +0 shortbow (weapon)
Armour
 f - a +0 cloak (worn)
 j - a +0 ring mail (worn)
Scrolls
 m - 2 scrolls of noise
Potions
 b - a potion of berserk rage {unknown}
 c - a potion of might
 d - a potion of haste {unknown}
 e - a potion of enlightenment
 g - a potion of resistance
 h - a potion of curing
 k - a potion of lignification {unknown}
 l - a potion of brilliance {unknown}

Dungeon Overview and Level Annotations

Branches:
Dungeon (3/15)

Altars:

Annotations:
D:3 exclusion: 2 endoplasms, Grinder


Message History

You shoot an arrow. The arrow hits Grinder.
Grinder is heavily wounded.
Grinder says, "Don't move a muscle."
Grinder gestures at you.
You suddenly lose the ability to move!
Grinder gestures at you.
You barely resist. Grinder hits you but does no damage. Grinder hits you!
You can move again.
You shoot an arrow. The arrow hits Grinder.
Grinder is heavily wounded.
Grinder misses you. The endoplasm closely misses you.
You shoot an arrow. The arrow barely misses Grinder.
Grinder blinks!
The endoplasm freezes you.
You are frozen!
You feel a terrible chill! The endoplasm freezes you.
You are frozen.
You feel a terrible chill!
You shoot an arrow. The arrow hits the endoplasm!
You kill the endoplasm!
Grinder gestures at you.
You shrug off the repeated paralysis!
You shoot an arrow. The arrow closely misses Grinder.
You shoot an arrow. The arrow hits Grinder.
Grinder is severely wounded.
Grinder misses you. Grinder hits you.
You shoot an arrow. The arrow hits Grinder.
Grinder is severely wounded.
Grinder gestures at you. You resist with significant effort.
You shoot an arrow.
The arrow hits Grinder but does no damage.
Grinder is severely wounded.
Grinder completely misses you.
You shoot an arrow. The arrow hits Grinder.
Grinder is severely wounded.
Grinder hits you.
You writhe in agony.
Grinder hits you!
You die...
Grinder says, "Now the real fun starts!"

*,,,,,,,,,,* *,>,,....)
#..***+**#** *,,,,...##
***..,,*,,.# *,,,,,,,*
*,,,..,,**.# *,,,,,,,*
*,*##.####.# *,,,,,,,*
*.##!......* *,,,,,,,*
######....<....,* **########
#####........)#,* #.......
#####.#######@#,* #.......
#####.#.....#5#,**** #.......
######.......#.#,,,,* #####'##
#...).....##...#.##,*###.....#
*.#####..~.~.~..~..~~~.#.###.#
*.######.~###~~.~.#~##.#.#.)##
##.#####..#8~#~#####~8#~#....#
#.........#~~~~~_~~~~~~~###.##
########..##~.~~.,~,#~#.....#


You could see Grinder.

Vanquished Creatures
  An adder (D:2)
  2 ribbon worms (D:2)
  2 orcs (D:3)
  2 ball pythons (D:1)
  5 endoplasms
  2 giant cockroaches
  3 goblins
  6 hobgoblins
  10 jackals
  2 quokkas
  3 bats (D:2)
  A frilled lizard (D:3)
  5 kobolds
  6 rats
  A spectral hobgoblin (D:3)
51 creatures vanquished.

Notes
Turn   | Place    | Note
-------+----------+-------------------------------------------
     0 | D:1      | qw the Djinni Hunter began the quest for the Orb.
     0 | D:1      | Reached XP level 1. HP: 18/18 MP: 0/0
     0 | D:1      | 0 ||| qw: Version: 0.3-a-136-gdd3b4e8
     0 | D:1      | 0 ||| qw: Game counter: 997
     0 | D:1      | 0 ||| qw: Melee chars always use a shield: true
     0 | D:1      | 0 ||| qw: God list: Okawaru
     0 | D:1      | 0 ||| qw: Allow faded altars: false
     0 | D:1      | 0 ||| qw: Do Orc after clearing Dungeon:15 true
     0 | D:1      | 0 ||| qw: Do second Lair branch before Depths: true
     0 | D:1      | 0 ||| qw: Lair rune preference: random
     0 | D:1      | 0 ||| qw: Goals: Normal
     0 | D:1      | 0 ||| PLANNING D:1-11
   153 | D:1      | Reached XP level 2. HP: 23/23 MP: 0/0
   754 | D:1      | 754 ||| READING scroll labelled FOEWEN USIE.
   754 | D:1      | 754 ||| ENCHANTING +0 shortbow.
   755 | D:1      | 755 ||| READING 2 scrolls labelled DAUTWU MANAOROT.
   755 | D:1      | 755 ||| IDENTIFYING green potion
   756 | D:1      | 756 ||| READING scroll of identify.
   756 | D:1      | 756 ||| IDENTIFYING red potion
   757 | D:1      | 757 ||| READING scroll labelled FON FAWNEQI.
   758 | D:1      | 758 ||| DROPPING scroll of butterflies.
   799 | D:2      | Reached skill level 4 in Ranged Weapons
   799 | D:2      | Reached XP level 3. HP: 28/28 MP: 0/0
   799 | D:2      | Learned a level 1 spell: Sting
  1314 | D:2      | Identified the +2 whip "Moasiameut" {flame, ^Fragile rC+
                  | Dex+3}
  1382 | D:2      | Reached skill level 3 in Fighting
  1382 | D:2      | Reached XP level 4. HP: 22/35 MP: 0/0
  1499 | D:2      | 1499 ||| UPGRADING to +0 cloak.
  1504 | D:2      | 1504 ||| UPGRADING to +0 ring mail.
  1514 | D:2      | 1514 ||| DROPPING +0 leather armour.
  1515 | D:2      | 1515 ||| READING scroll labelled MICE FIUMMUE.
  1516 | D:2      | 1516 ||| DRINKING 2 viscous green potions.
  1580 | D:3      | Reached skill level 1 in Armour
  1651 | D:3      | Found a faded altar of an unknown god.
  1715 | D:3      | 1715 ||| READING scroll labelled FYCAYV NAAZITI.
  1716 | D:3      | 1716 ||| READING 3 scrolls labelled HUEMIUFEODY.
  1718 | D:3      | 1718 ||| DRINKING 2 smoky white potions.
  1727 | D:3      | Noticed Grinder
  1730 | D:3      | Paralysed by Grinder for 3 turns
  1735 | D:3      | Paralysed by Grinder for 4 turns
  1746 | D:3      | HP: 4/35 [Grinder (6)]
  1746 | D:3      | Slain by Grinder

Levels and vault maps discovered:
D:1:      minmay_arrival_diagonal_passages, layout_basic,
          minmay_misc_feat_encased
D:2:      layout_basic, minmay_surrounded
D:3:      layout_basic, dreamdust_ecumenical_altar_drowned_temple, uniq_ijyb,
          uniq_grinder

Skill      XL: |  1  2  3  4 |
---------------+-------------+-----
Ranged Weapons | 4 |  4.1
Fighting       | 3 |  3.0
Armour         | 1 |  1.0
Dodging        | |  2.1
Stealth        | |  0.7

Action                     |  1- 3 |  4- 6 || total
---------------------------+-------+-------++-------
   Fire: Shortbow          |   106 |    65 ||   171
    Use: Scroll            |     4 |     3 ||     7
         Potion            |       |     2 ||     2
 Armour: Leather armour    |    20 |       ||    20
         Ring mail         |       |    45 ||    45
  Dodge: Dodged            |    27 |    73 ||   100

Table legend:
 A = Non-vault XP
 B = Vault XP
 C = Vault XP percentage of total XP
 D = Non-vault monster count
 E = Vault monster count
 F = Vault count percentage of total count
                 A         B        C        D         E       F
            +---------+---------+-------+---------+---------+-------
      Total |     101 |       4 |   3.8 |      48 |       3 |   5.9
            +---------+---------+-------+---------+---------+-------
        D:1 |      28 |       0 |   0.0 |      16 |       0 |   0.0
        D:2 |      43 |       3 |   6.5 |      16 |       2 |  11.1
        D:3 |      30 |       1 |   3.2 |      16 |       1 |   5.9
            +---------+---------+-------+---------+---------+-------
